 Dungeon Crawl Stone Soup version 0.29.1-12-g30fa7ad0bf (webtiles) character file.

Game seed: 4063028465856851301

12 Poussin the Caller (level 2, -1/20 HPs)
             Began as a Meteoran Summoner on Dec 24, 2022.
             Slain by a giant cockroach (2 damage)
             ... on level 1 of the Dungeon on Jan 4, 2023.
             The game lasted 00:19:31 (833 turns).

Poussin the Caller (Meteoran Summoner)               Turns: 833, Time: 00:19:31

Health: -1/20      AC:  2    Str:  9    XL:     2   Next: 64%
Magic:  6/6        EV: 12    Int: 16    God:
Gold:   37         SH:  0    Dex: 14    Spells: 5/6 levels left

rFire   . . .      SeeInvis .   (no weapon)
rCold   . . .      Faith    .   (no shield)
rNeg    . . .      Spirit   .   a - +0 robe
rPois   .          Reflect  .   (no helmet)
rElec   .          Harm     .   (no cloak)
rCorr   .          Rampage  .   (no gloves)
Will    .....                   (no boots)
Stlth   +.........              (no amulet)
HPRegen 0.06/turn               (no ring)
MPRegen 0.10/turn               (no ring)

@: glowing
A: sense surroundings 1, otherworldly, glowing, explore regen
a: no special abilities


You were on level 1 of the Dungeon.
You visited 1 branch of the dungeon, and saw 2 of its levels.

You collected 37 gold pieces.

Inventory:

Armour
 a - a +0 robe (worn)
Scrolls
 c - a scroll of fear {unknown}
 d - a scroll of enchant weapon {unknown}
 e - a scroll of enchant armour {unknown}
Potions
 b - a potion of magic


   Skills:
 + Level 0.2 Fighting
 + Level 2.7 Dodging
 - Level 1.4 Stealth
 * Level 2.6 Spellcasting
 * Level 5.3 Summonings


You had 5 spell levels left.
You knew the following spells:

 Your Spells              Type           Power      Damage    Failure   Level
a - Summon Small Mammal   Summ           76%        N/A       2%          1

Your spell library contained the following spells:

 Spells                   Type           Power      Damage    Failure   Level
 Call Imp                 Summ           19%        N/A       3%          2
 Call Canine Familiar     Summ           19%        N/A       6%          3
 Summon Guardian Golem    Hex/Summ       10%        N/A       19%         3
 Summon Lightning Spire   Summ/Air       10%        N/A       54%         4


Dungeon Overview and Level Annotations

Branches:
Dungeon (2/15) Zot: 366

Altars:


Innate Abilities, Weirdness & Mutations

You passively map a small area around you.
You are easily found by Zot.
You glow in the dark.
You regain HP and MP as you explore.


Message History

t - Shout!
Orders for allies: a - Attack new target. p - Attack previous target. r - Retreat! s - Stop attacking. g - Guard the area. f - Follow me.
Anything else - Cancel.
Gang up on whom?
Press: ? - help, Dir - move target, f/p - giant cockroach
Aim: a giant cockroach (almost dead, ally target) Attack!
The giant cockroach bites you.
* * * LOW HITPOINT WARNING * * *
The giant cockroach closely misses you.
Your quokka bites the dart slug but does no damage.
The giant cockroach misses you. The giant cockroach bites you.
* * * LOW HITPOINT WARNING * * *
The giant cockroach attacks as you move away!
The giant cockroach closely misses you. The giant cockroach bites you.
* * * LOW HITPOINT WARNING * * *
Your quokka closely misses the giant cockroach.
The dart slug misses you. The giant cockroach bites your quokka.
Your quokka barely misses the giant cockroach.
The giant cockroach attacks as you move away!
The giant cockroach misses you.
Your quokka closely misses the giant cockroach.
The giant cockroach bites you but does no damage.
The giant cockroach attacks as you move away!
The giant cockroach bites you.
* * * LOW HITPOINT WARNING * * *
You open the door. The giant cockroach misses you.
Found a minotaur skeleton.
There is an open door here.
You barely miss the giant cockroach. The giant cockroach bites you.
* * * LOW HITPOINT WARNING * * *
The giant cockroach bites you but does no damage.
Your quokka barely misses the giant cockroach.
You closely miss the giant cockroach. The giant cockroach closely misses you.
The giant cockroach barely misses you.
Your quokka bites the giant cockroach but does no damage.
The giant cockroach bites you.
You die...

** * ###+###
#######.....##
###...##.......##
......#.........#
.###............#
.##.......#≈#.rB###
.##.⌠.....≈_≈..B@÷#
.##.......#≈#..w###
###.............#**
#...#.........# , , *
###...##.......##****,
....#..##.....## * ##
* ,..###+## ####.# *
#..>.#


You could see a dart slug, 2 giant cockroaches and a friendly quokka (summoned).

Vanquished Creatures
  An endoplasm (D:1)
1 creature vanquished.

Vanquished Creatures (collateral kills)
  A ball python (D:1)
  A bat (D:1)
  2 endoplasms (D:1)
  2 quokkas (D:1)
  4 rats (D:1)
10 creatures vanquished.

Grand Total: 11 creatures vanquished

Notes
Turn   | Place    | Note
-------+----------+-------------------------------------------
     0 | D:1      | Poussin the Meteoran Summoner began the quest for the Orb.
     0 | D:1      | Reached XP level 1. HP: 14/14 MP: 5/5
    76 | D:1      | Reached skill level 5 in Summonings
   312 | D:1      | Reached XP level 2. HP: 16/20 MP: 3/6
   832 | D:1      | HP: 1/20 [giant cockroach (2)]
   833 | D:1      | Slain by a giant cockroach

Illustrated notes

Levels and vault maps discovered:
D:1:      dpeg_arrival_another_circle, layout_loops_ring,
          hellmonk_ecumenical_altar_defaced_shrine
D:2:      layout_rooms

Skill      XL: |  1 |
---------------+----+-----
Summonings     | 5 |  5.3
Fighting       | |  0.2
Dodging        | |  2.7
Stealth        | |  1.4
Spellcasting   | |  2.6

Action                   || total
-------------------------++-------
Melee: Unarmed           ||    54
 Cast: Summon Small Mamm ||    16
Armor: Robe              ||    14
Dodge: Dodged            ||    46
